 Dungeon Crawl Stone Soup version 0.27-a0-385-g3208abaabc (webtiles) character file.

Game seed: 10408156638800414617

387 dickylongcocking the Stinger (level 6, 0/49 HPs)
             Began as a Naga Venom Mage on Feb 20, 2021.
             Slain by an orc
             ... wielding a +0 mace
              (6 damage)
             ... on level 4 of the Dungeon.
             The game lasted 00:03:52 (3869 turns).

dickylongcocking the Stinger (Naga Venom Mage)      Turns: 3869, Time: 00:03:53

Health: 0/49       AC:  3    Str: 16    XL:     6   Next: 78%
Magic:  0/9        EV: 10    Int: 23    God:
Gold:   267        SH:  0    Dex: 12    Spells: 3/9 levels left

rFire    . . .     SeeInvis +   i - +2 dagger (venom)
rCold    . . .     Faith    .   (no shield)
rNeg     . . .     Spirit   +   a - +0 robe
rPois    +         Reflect  .   (no helmet)
rElec    .         Harm     .   (no cloak)
rCorr    .         Rampage  .   (no gloves)
Will     .....                  (no barding)
Stlth    ++........             e - amulet of guardian spirit
HPRegen  0.16/turn              h - +6 ring of strength
MPRegen  0.11/turn              g - +6 ring of intelligence

@: mighty, very slow
A: large, see invisible, deformed body, poison resistance, slowness 2, spit
poison 1, AC +2
a: Spit Poison


You were on level 4 of the Dungeon.
You visited 1 branch of the dungeon, and saw 4 of its levels.

You collected 267 gold pieces.

Inventory:

Hand Weapons
 i - a +2 dagger of venom (weapon)
Armour
 a - a +0 robe (worn)
Jewellery
 e - an amulet of guardian spirit (around neck)
 g - a +6 ring of intelligence (right hand)
 h - a +6 ring of strength (left hand)
Scrolls
 c - 4 scrolls of identify {unknown}
 d - 3 scrolls of teleportation {unknown}
 l - a scroll of fog {unknown}
 n - a scroll of enchant weapon {unknown}
 o - a scroll of blinking {unknown}
Potions
 f - a potion of heal wounds {unknown}


   Skills:
 - Level 1.5 Dodging
 - Level 3.0 Stealth
 - Level 2.0 Spellcasting
 * Level 3.4 Transmutations
 * Level 3.1 Fire Magic
 * Level 7.2 Poison Magic


You had 3 spell levels left.
You knew the following spells:

 Your Spells              Type           Power        Failure   Level
a - Sting                 Tmut/Pois      100%         1%          1
i - Ignite Poison         Fire/Tmut/Pois 23%          6%          3
p - Poisonous Vapours     Pois/Air       38%          4%          2

Your spell library contained the following spells:

 Spells                   Type           Power        Failure   Level
 Mephitic Cloud           Conj/Pois/Air  13%          14%         3
 Olgreb's Toxic Radiance  Pois           35%          6%          4


Dungeon Overview and Level Annotations

Branches:
Dungeon (3/15)

Altars:


Innate Abilities, Weirdness & Mutations

You cannot wear boots.
Your serpentine skin is tough. (AC +2)
You have supernaturally acute eyesight. (SInv)
Armour fits poorly on your strangely shaped body.
Your system is resistant to poisons. (rPois)
You cover ground very slowly.
You can spit poison.


Message History

* * * LOW HITPOINT WARNING * * *
The orc wizard closely misses you. The orc hits you with a +0 mace.
* * * LOW HITPOINT WARNING * * *
Unknown command.
Okay, then.
You feel better. The orc barely misses you.
The orc wizard hits you with a +0 dagger.
* * * LOW HITPOINT WARNING * * *
Unknown command.
Unknown command.
Casting: Sting (safe; 1% risk of failure)
Confirm with . or Enter, or press ? or * to list all spells.
You don't have enough magic to cast this spell.
There are monsters nearby!
Unknown command.
It was a potion of might.
You feel very mighty all of a sudden. The orc hits you with a +0 mace!
* * * LOW HITPOINT WARNING * * *
The orc hits you with a +0 mace.
* * * LOW HITPOINT WARNING * * *
The orc wizard casts a spell at you.
You easily resist.
Unknown command.
Unknown command.
You hit the orc wizard.
The orc wizard looks as sick as possible!
The orc wizard is heavily wounded.
The orc barely misses you. x2; The orc wizard closely misses you.
Unknown command.
You hit the orc wizard.
The orc wizard is almost dead.
The orc barely misses you.
The orc wizard gestures at you while chanting.
You easily resist.
The orc closely misses you.
You closely miss the orc wizard.
The orc wizard is almost dead.
You kill the orc wizard!
The orc hits you with a +0 mace!
You die...

.............#
..............#
...............##.
.......$.........
...............#
.....<.........#
...............#
........)o)....#
.........o@....#
.........)######
######....# ######


You could see 2 orcs.

Vanquished Creatures
  Grinder (D:3)
  A hound (D:2)
  Ijyb (D:3)
  2 orc wizards (D:4)
  2 adders
  4 worms
  3 dart slugs (D:2)
  A leopard gecko (D:1)
  5 orcs
  5 giant cockroaches
  9 goblins
  9 hobgoblins
  2 quokkas (D:2)
  2 ball pythons
  9 bats
  6 frilled lizards
  5 kobolds
  21 rats
88 creatures vanquished.

Notes
Turn   | Place    | Note
-------+----------+-------------------------------------------
     0 | D:1      | dickylongcocking the Naga Venom Mage began the quest for
                  | the Orb.
     0 | D:1      | Reached XP level 1. HP: 15/15 MP: 3/3
   152 | D:1      | You fall into a shaft and drop 1 floor!
   371 | D:1      | Reached XP level 2. HP: 22/22 MP: 5/5
   550 | D:1      | Reached skill level 5 in Poison Magic
   555 | D:1      | Learned a level 2 spell: Poisonous Vapours
  1321 | D:2      | Reached XP level 3. HP: 14/28 MP: 1/6
  1456 | D:2      | Learned a level 3 spell: Ignite Poison
  2259 | D:2      | Reached skill level 1 in Fire Magic
  2259 | D:2      | Reached skill level 6 in Poison Magic
  2259 | D:2      | Reached XP level 4. HP: 28/36 MP: 0/7
  3094 | D:3      | Noticed Ijyb
  3110 | D:3      | Killed Ijyb
  3111 | D:3      | Reached XP level 5. HP: 42/42 MP: 8/8
  3224 | D:3      | Noticed Grinder
  3251 | D:3      | Paralysed by Grinder for 4 turns
  3258 | D:3      | Killed Grinder
  3259 | D:3      | Reached skill level 7 in Poison Magic
  3259 | D:3      | Reached XP level 6. HP: 25/49 MP: 0/9
  3839 | D:3      | You fall into a shaft and drop 1 floor!
  3869 | D:4      | Slain by an orc

Illustrated notes

Levels and vault maps discovered:
D:1:      mrwooster_arrival_arrow, layout_loops_ring, serial_aquarium,
          aquarium_bridge_straight [aquarium_subvault_bridge,
          aquarium_subvault_window, aquarium_subvault_bridge,
          aquarium_subvault_wall], aquarium_window_2, aquarium_window_1,
          aquarium_window_1, aquarium_window_2, aquarium_view_2c,
          aquarium_view_2c, aquarium_balcony_3a, aquarium_pool_five
D:2:      minmay_alternating_diamond, layout_rooms, minmay_rat_hole
D:3:      layout_basic, trog_wizard, uniq_ijyb, uniq_grinder
D:4:      layout_basic, uniq_crazy_yiuf_cottage

Skill      XL: |  1  2  3  4  5 |
---------------+----------------+-----
Poison Magic   | 5 6 7 |  7.2
Fire Magic     | 1 3 |  3.1
Transmutations | 2 3 |  3.4
Dodging        | |  1.5
Stealth        | |  3.0
Spellcasting   | |  2.0

Action                   |  1- 3 |  4- 6 || total
-------------------------+-------+-------++-------
Melee: Unarmed           |     3 |       ||     3
       Dagger            |    30 |   135 ||   165
 Cast: Sting             |    18 |     7 ||    25
       Poisonous Vapours |    13 |     2 ||    15
       Ignite Poison     |       |     2 ||     2
 Abil: Spit Poison       |    14 |     3 ||    17
Evoke: Wand              |       |     5 ||     5
  Use: Potion            |     3 |     9 ||    12
 Stab: Sleeping          |       |     2 ||     2
Armor: Robe              |     5 |    28 ||    33
       Skin              |     2 |    16 ||    18
Dodge: Dodged            |    37 |    71 ||   108

Table legend: (Time is in decaauts)
 A = Elapsed time spent in this place.
 B = Non-inter-level travel time spent in this place.
 C = Inter-level travel time spent in this place.
 D = Time resting spent in this place.
 E = Time spent auto-exploring this place.
 F = Levels seen in this place.
 G = Mean time per level.
                   A        B        C        D        E       F      G
               +--------+--------+--------+--------+--------+-----+--------+
         Total |   4454 |   4342 |    112 |    921 |   2873 |   4 | 1113.5 |
       Dungeon |   4454 |   4342 |    112 |    921 |   2873 |   4 | 1113.5 |
               +--------+--------+--------+--------+--------+-----+--------+

Top non-repeatable levels by time:
     D:2: 2168 daAuts
     D:1: 1396 daAuts
     D:3: 857 daAuts
     D:4: 32 daAuts
